 Dungeon Crawl Stone Soup version 0.32-a0-834-geaf45d8e21 (webtiles) character file.

Game seed: 9199158604960551558

13967 zenocrate the Mimic (level 12, -1/75 HPs)
             Began as an Octopode Earth Elementalist on Mar 25, 2024.
             Was an Initiate of Gozag.
             Slain by a yak (15 damage)
             ... on level 10 of the Dungeon.
             The game lasted 00:16:42 (13795 turns).

zenocrate the Mimic (Octopode Earth Elementalist)  Turns: 13795, Time: 00:16:43

Health: -1/75      AC:  1    Str:  9    XL:     12   Next: 11%
Magic:  3/17       EV: 14    Int: 24    God:    Gozag
Gold:   2805       SH:  0    Dex: 15    Spells: 15/18 levels left

rFire   . .          .
                       - Unarmed
rCold   . . .        (no shield)
rNeg    + . .        (helmet currently unavailable)
rPois   .            d - amulet of the acrobat
rElec   .            h - +6 ring of intelligence
rCorr   .            B - ring of positive energy
SInv    .            (no ring)
Will    .....        (no ring)
Stlth   ++++         (no ring)
HPRegen 0.32/turn    (no ring)
MPRegen 0.15/turn    (no ring)
                     (no ring)

%: acrobat
@: beast-form, gold aura, very slightly contaminated, hasted, studying
Evocations, very quick
A: beast (slay +4), almost no armour, amphibious, 8 rings, camouflage 1,
gelatinous body 1, (nimble swimmer 1), tentacles
a: Begin Untransformation, Renounce Religion, Potion Petition, Call Merchant,
Bribe Branch


You were on level 10 of the Dungeon.
You worshipped Gozag.
Gozag was most pleased with you.
You were a hulking beast.
You visited 2 branches of the dungeon, and saw 11 of its levels.
You also visited: Bailey.

You collected 3654 gold pieces.
You paid 849 gold pieces to Gozag.

Inventory:

Hand Weapons
 I - the +7 rapier "Tayfraun" {venom, rPois rCorr}
   (You found it in a bailey)

   rPois:     It protects you from poison.
   rCorr:     It protects you from acid and corrosion.
Missiles
 C - 2 throwing nets
Armour
 l - a +1 hat of willpower
 y - a +1 hat
 G - the -2 hat of the Alchemist {rElec rPois rF+ rC+ rN+ Will+ rMut rCorr}
   (You found it in a bailey)

   rF+:       It protects you from fire.
   rC+:       It protects you from cold.
   rElec:     It insulates you from electricity.
   rPois:     It protects you from poison.
   rN+:       It protects you from negative energy.
   Will+:     It increases your willpower.
   rCorr:     It protects you from acid and corrosion.
   rMut:      It protects you from mutation.
Jewellery
 d - an amulet of the acrobat (around mantle)
 h - a +6 ring of intelligence (left tentacle)
 B - a ring of positive energy (right tentacle)
Talismans
 o - a beast talisman (active)
Wands
 e - a wand of iceblast (15)
 A - a wand of flame (9)
 D - a wand of polymorph (7)
 E - a wand of paralysis (13)
Scrolls
 b - 3 scrolls of enchant weapon
 c - 2 scrolls of poison
 f - a scroll of revelation
 g - 3 scrolls of fog
 i - 2 scrolls of teleportation
 j - 2 scrolls of brand weapon
 k - a scroll of butterflies {unknown}
 m - a scroll of fear {unknown}
 q - 2 scrolls of noise {unknown}
 t - 3 scrolls of vulnerability
 x - 2 scrolls of blinking {unknown}
 F - 2 scrolls of amnesia
 H - a scroll of silence {unknown}
Potions
 a - a potion of magic
 n - a potion of mutation {unknown}
 p - a potion of haste
 r - a potion of enlightenment
 s - a potion of curing
 u - 2 potions of brilliance
 v - 2 potions of lignification {unknown}
 w - a potion of berserk rage {unknown}
 z - 3 potions of heal wounds {unknown}


   Skills:
 - Level 4.3 Fighting
 + Level 5.0 Dodging
 - Level 4.7 Stealth
 + Level 10.2 Unarmed Combat
 - Level 3.8 Spellcasting
 - Level 2.1 Conjurations
 - Level 3.0 Earth Magic
 + Level 6.1 Evocations
 + Level 13.1 Shapeshifting


You had 15 spell levels left.
You knew the following spells:

 Your Spells              Type           Power      Damage    Failure   Level
a - Stone Arrow           Conj/Erth      32%        3d9       11%         3

Your spell library contained the following spells:

 Spells                   Type           Power      Damage    Failure   Level
 Sandblast                Erth           38%        2d10      3%          1
 Kiss of Death            Conj/Necr      36%        2d8       6%          1
 Passwall                 Erth           19%        N/A       9%          3
 Cigotuvi's Dreadful Rot  Necr/Alch/Air  8%         N/A       16%         2
 Scorch                   Fire           8%         2d5       16%         2
 Brom's Barrelling Bould  Conj/Erth      16%        2d4       34%         4
 Petrify                  Alch/Erth      11%        N/A       47%         4
 Flame Wave               Conj/Fire      9%         2d6       54%         4
 Lee's Rapid Deconstruct  Erth           9%         3d7*      63%         5
 Summon Lightning Spire   Summ/Air       4%         N/A       69%         4
 Summon Cactus Giant      Summ           2%         N/A       100%        6
 Animate Armour           Summ/Erth      Unusable   N/A       N/A         4

Dungeon Overview and Level Annotations

Branches:
Dungeon (10/15)            Temple (1/1) D:4            Lair (0/5) D:10
 Bailey (visited)
    Orc: D:9-12

Altars:
Ashenzari
Cheibriados
Dithmenos
Elyvilon
Fedhas
Gozag
Hepliaklqana
Kikubaaqudgha
Makhleb
Nemelex Xobeh
Okawaru
Qazlal
Ru
Sif Muna
Trog
Uskayaw
Vehumet
Wu Jian
Xom
Yredelemnul
Zin
The Shining One

Shops:
D:6 [

Annotations:
D:4 3 runed translucent doors, Hsik's ghost, novice OpDe


Innate Abilities, Weirdness & Mutations

You are a hulking beast.
Your limbs bulge with bestial killing power. (Slay +4)
You cannot wear most types of armour.
You are amphibious.
You can wear up to eight rings at the same time.
Your skin changes colour to match your surroundings (Stealth+).
Your rubbery body absorbs attacks. (AC +1, EV +1)
((You are camouflaged when in or above water. (Stealth+)))
You have tentacles for arms and can constrict up to eight enemies at once.


Message History

You kill the death yak!
Your Dodging skill increases to level 5!
Your Evocations skill increases to level 6!
Unknown command.
Casting: Stone Arrow (dangerous; 11% risk of failure)
Confirm with . or Enter, or press ? or * to list all spells.
Aiming: Stone Arrow (dangerous; 11% risk of failure)
Press: ? - help, Shift-Dir - straight line, f - yak
Aim: a yak (81% to hit)
The stone arrow hits the yak!!
The yak is severely wounded.
Unknown command.
Unknown command.
You tentacle-slap the yak. You squeeze the yak!
The yak is almost dead.
The yak gores you!
* * * LOW HITPOINT WARNING * * *
The yak is distracted by your dazzling golden aura.
Unknown command.
Casting: Stone Arrow (dangerous; 11% risk of failure)
Confirm with . or Enter, or press ? or * to list all spells.
Aiming: Stone Arrow (dangerous; 11% risk of failure)
Press: ? - help, Shift-Dir - straight line, f/p - yak
Aim: a yak (almost dead, 81% to hit)
You miscast Stone Arrow.
You are very lightly contaminated with residual magic.
Energy rips through your body.
* * * LOW HITPOINT WARNING * * *
The yak is no longer distracted by gold.
Unknown command.
Casting: Stone Arrow (dangerous; 11% risk of failure)
Confirm with . or Enter, or press ? or * to list all spells.
Aiming: Stone Arrow (dangerous; 11% risk of failure)
Press: ? - help, Shift-Dir - straight line, f/p - yak
Aim: a yak (almost dead, 81% to hit)
The stone arrow misses the yak.
The stone arrow hits the yak!
The yak is moderately wounded.
The yak gores you!
You die...
Your body crumbles into a pile of gold.

#............#....
#.................
#.................
#............#..#.
#.................
#...Y............>
#Y...Y.......$....
#Y##########....##
#h######## #.....
#......... .....
#......... ....
#.######## #....
#.# ..#..#
#.#########...#.##
#..............
#..............
#..............


You could see 2 yaks.

Vanquished Creatures
  Gastronok (D:8)
  2 death yaks (D:10)
  An orc sorcerer (Bailey)
  A kobold demonologist (Bailey)
  2 komodo dragons (D:10)
  Psyche (D:8)
  A troll (D:9)
  A hornet (D:8)
  Sigmund (D:2)
  2 shadows (D:10)
  A wraith (D:10)
  A ynoxinul (D:9)
  11 yaks
  A steam dragon (D:9)
  3 water moccasins (D:7)
  15 orc warriors
  2 sky beasts
  2 ogres (D:4)
  A black bear (D:7)
  3 ice beasts
  A centaur (D:9)
  3 kobold brigands
  3 bullfrogs
  A gnoll sergeant (D:8)
  5 scorpions
  5 wights (D:8)
  A water moccasin skeleton (D:4)
  6 killer bees
  4 howler monkeys (D:8)
  7 electric eels
  2 bombardier beetles
  2 bullfrog zombies (D:4)
  11 orc priests
  2 hounds (D:6)
  A bullfrog skeleton (D:4)
  Crazy Yiuf (D:3)
  2 gnoll boudas
  2 sleepcaps
  Natasha (twice) (D:2)
  10 iguanas
  10 orc wizards
  A scorpion zombie (D:4)
  A hound zombie (D:4)
  A hound skeleton (D:4)
  A howler monkey zombie (D:4)
  24 gnolls
  8 adders
  A shadow imp (D:7)
  2 ufetubi (D:6)
  An adder skeleton (D:4)
  3 ribbon worms
  2 dart slugs
  49 orcs
  7 bats
  4 endoplasms
  10 hobgoblins
  7 quokkas
  6 ball pythons
  4 frilled lizards
  7 goblins
  21 kobolds
  4 rats
298 creatures vanquished.

Notes
Turn   | Place    | Note
-------+----------+-------------------------------------------
     0 | D:1      | zenocrate the Octopode Earth Elementalist began the quest
                  | for the Orb.
     0 | D:1      | Reached XP level 1. HP: 11/11 MP: 3/3
   153 | D:1      | Reached XP level 2. HP: 18/18 MP: 3/5
   301 | D:1      | Reached skill level 1 in Unarmed Combat
   542 | D:1      | Reached skill level 1 in Fighting
   736 | D:2      | Noticed Natasha
   743 | D:2      | Killed Natasha
   744 | D:2      | Reached XP level 3. HP: 21/23 MP: 3/6
   822 | D:2      | Reached XP level 4. HP: 24/28 MP: 7/7
   849 | D:2      | Noticed Sigmund
   855 | D:2      | Killed Sigmund
   856 | D:2      | Reached XP level 5. HP: 34/34 MP: 8/8
   886 | D:2      | Reached XP level 6. HP: 35/39 MP: 9/9
  1029 | D:2      | Learned a level 3 spell: Stone Arrow
  1124 | D:2      | Noticed Natasha
  1134 | D:2      | Killed Natasha
  1394 | D:3      | Reached skill level 1 in Shapeshifting
  1565 | D:3      | Found a runed translucent door.
  1566 | D:3      | Noticed Crazy Yiuf
  2301 | D:3      | Killed Crazy Yiuf
  2535 | D:4      | Found a staircase to the Ecumenical Temple.
  2542 | Temple   | Entered the Ecumenical Temple
  2639 | D:4      | Reached XP level 7. HP: 38/45 MP: 0/10
  2724 | D:4      | Found an ornate altar of the Wu Jian Council.
  2761 | D:4      | Reached skill level 2 in Shapeshifting
  2855 | D:4      | Found a runed translucent gate.
  2855 | D:4      | Found a runed translucent gate.
  2855 | D:4      | Found a runed translucent gate.
  2856 | D:4      | Noticed Hsik's ghost (novice OpDe)
  2861 | D:4      | Found an iron altar of Okawaru.
  2962 | D:4      | Reached skill level 5 in Unarmed Combat
  3319 | D:4      | Reached skill level 3 in Shapeshifting
  3322 | D:4      | Reached XP level 8. HP: 34/52 MP: 4/11
  3700 | D:4      | Found an opulent altar of Gozag.
  3711 | D:4      | Became a worshipper of Gozag Ym Sagoz the Greedy
  4125 | D:5      | Entered Level 5 of the Dungeon
  4288 | D:5      | Reached skill level 4 in Shapeshifting
  4915 | D:5      | Reached skill level 11 in Shapeshifting
  4915 | D:5      | Reached XP level 9. HP: 43/56 MP: 12/12
  5023 | D:5      | Found a shadowy altar of Dithmenos.
  5039 | D:5      | Found a shimmering altar of Xom.
  5043 | D:5      | Found a glowing golden altar of the Shining One.
  5444 | D:6      | Found Momarghu's Antique Armour Shop.
  5882 | D:6      | Reached XP level 10. HP: 63/63 MP: 9/13
  6076 | D:6      | Found a hide-covered altar of Uskayaw.
  6213 | D:6      | Reached skill level 1 in Evocations
  6449 | D:7      | Reached skill level 12 in Shapeshifting
  7454 | D:8      | Paralysed by a hornet for 1 turns
  7565 | D:8      | Noticed Gastronok
  8246 | D:8      | Noticed Maurice
  8482 | D:8      | Noticed Psyche
  8590 | D:8      | Killed Gastronok
  8591 | D:8      | Reached XP level 11. HP: 40/70 MP: 14/14
  8650 | D:8      | Maurice changed into Maurice the ice beast
  8650 | D:8      | Noticed Maurice
  8659 | D:8      | Killed Maurice the ice beast
  9173 | D:8      | Killed Psyche
  9514 | D:9      | Found a sparkling altar of Nemelex Xobeh.
  9540 | D:9      | Found a burning altar of Makhleb.
  9557 | D:9      | Found a flagged portal.
  9571 | Bailey   | Entered a bailey
 10734 | Bailey   | Found an iron altar of Okawaru.
 10734 | Bailey   | Noticed an orc sorcerer
 10745 | Bailey   | Killed an orc sorcerer
 10886 | Bailey   | Found the -2 hat of the Alchemist {rElec rPois rF+ rC+ rN+
                  | Will+ rMut rCorr}
 10928 | Bailey   | Identified the +7 rapier "Tayfraun" {venom, rPois rCorr}
 11199 | Bailey   | Acquired a manual of Evocations
 11201 | Bailey   | Acquired 903 gold pieces
 11266 | D:9      | Found a blossoming altar of Fedhas.
 12044 | D:9      | Found a shimmering blue altar of Sif Muna.
 12079 | D:9      | Got Sif Muna's Guide on Lapidarian Caskets
 12084 | D:9      | Found a bloodstained altar of Trog.
 12284 | D:10     | Entered Level 10 of the Dungeon
 12286 | D:10     | Found a staircase to the Lair.
 12288 | D:10     | Noticed a death yak
 12289 | D:10     | Noticed a death yak
 12450 | D:10     | Killed a death yak
 12451 | D:10     | Reached skill level 13 in Shapeshifting
 12455 | D:10     | Reached skill level 5 in Evocations
 12460 | D:10     | Reached skill level 10 in Unarmed Combat
 13173 | D:9      | Acquired 734 gold pieces
 13254 | D:9      | Reached XP level 12. HP: 17/75 MP: 17/17
 13791 | D:10     | Killed a death yak
 13792 | D:10     | Reached skill level 5 in Dodging
 13795 | D:10     | Slain by a yak

Illustrated notes

Levels and vault maps discovered:
D:1:      spicycebolla_arrival_ecumenical, layout_loops_cross,
          serial_park_tiny_pond, dreamdust_princess_corridor,
          grunt_decor_one_mirror, st_stairs_3
D:2:      layout_basic, grunt_ministairs_1, uniq_natasha, uniq_sigmund
D:3:      wad_lake_hut, layout_loops_ring, uniq_crazy_yiuf_cottage
D:4:      layout_gridville, mainiacjoe_overflow_six_doors_small,
          grunt_gozag_statues, okawaru_altar_gauntlet_db,
          minmay_temple_entry_arrows, serial_undead, serial_undead_a,
          serial_undead_a, serial_undead_a, serial_undead_e,
          gammafunk_ghost_necromancy
D:5:      layout_loops_ring, grunt_temple_overflow_diamond, corexii_checkpoint
D:6:      layout_loops_ring, mainiacjoe_overflow_tiny_flanked, serial_shops,
          nicolae_shop_tiny_statue_garden
D:7:      layout_cave_pools, chequers_serial_rivers_small_b,
          kennysheep_generic_room_11
D:8:      layout_rooms, kennysheep_cross_bottleneck, uniq_psyche,
          uniq_gastronok, uniq_maurice
D:9:      layout_rooms, nzn_overflow_gifts_of_might_and_magic,
          mainiacjoe_overflow_catwalk, mainiacjoe_overflow_catwalk_spiral,
          enter_bailey_2, grunt_decor_arrowhead
D:10:     layout_long_grid, dpeg_lair_monsters
Temple:   eino_temple_lava

Skill      XL: |  1  2  3  4  5  6  7  8  9 10 11 12 |
---------------+-------------------------------------+-----
Stealth        | 3 4 |  4.7
Unarmed Combat | 1 3 4 5 7 8 10 | 10.2
Fighting       | 1 2 3 4 |  4.3
Dodging        | 3 4 5 |  5.0
Shapeshifting  | 1 3 11 12 13 | 13.1
Conjurations   | 2 |  2.1
Evocations     | 3 5 6 |  6.1
Spellcasting   | 3 |  3.8
Earth Magic    | |  3.0

Action                     |  1- 3 |  4- 6 |  7- 9 | 10-12 || total
---------------------------+-------+-------+-------+-------++-------
  Melee: Unarmed           |    38 |    63 |   128 |   338 ||   567
         Constrict         |    12 |    16 |    43 |    76 ||   147
         Tentacles         |     6 |    13 |    41 |   100 ||   160
         Punch             |       |       |     8 |    28 ||    36
   Cast: Sandblast         |    12 |     1 |       |       ||    13
         Stone Arrow       |       |    10 |    27 |    77 ||   114
 Invoke: Potion Petition   |       |       |       |     2 ||     2
  Evoke: Wand              |       |       |     1 |    39 ||    40
    Use: Scroll            |       |       |     5 |    14 ||    19
         Potion            |       |       |     1 |     8 ||     9
   Stab: Sleeping          |     3 |     9 |    22 |     8 ||    42
         Distracted        |       |       |     1 |     4 ||     5
         Paralysed         |       |       |       |     4 ||     4
         Invisible         |       |       |       |     2 ||     2
 Armour: Skin              |    11 |    26 |    43 |   163 ||   243
  Dodge: Dodged            |    22 |    25 |    48 |   173 ||   268
   Form: Beast             |       |     1 |       |       ||     1

Table legend: (Time is in decaauts)
 A = Elapsed time spent in this place.
 B = Non-inter-level travel time spent in this place.
 C = Inter-level travel time spent in this place.
 D = Time resting spent in this place.
 E = Time spent auto-exploring this place.
 F = Levels seen in this place.
 G = Mean time per level.
                   A        B        C        D        E       F      G
               +--------+--------+--------+--------+--------+-----+--------+
         Total |  13706 |  13345 |    361 |    237 |  11111 |  12 | 1142.2 |
       Dungeon |  12012 |  11651 |    361 |    237 |   9660 |  10 | 1201.2 |
        Temple |     52 |     52 |      0 |      0 |     51 |   1 |   52.0 |
        Bailey |   1641 |   1641 |      0 |      0 |   1400 |   1 | 1641.0 |
               +--------+--------+--------+--------+--------+-----+--------+

Top non-repeatable levels by time:
     D:8: 1722 daAuts
  Bailey: 1641 daAuts
     D:4: 1587 daAuts
     D:7: 1540 daAuts
     D:9: 1330 daAuts
     D:5: 1156 daAuts
    D:10: 1117 daAuts
     D:3: 1106 daAuts
     D:6: 1078 daAuts
     D:1: 739 daAuts
     D:2: 634 daAuts
  Temple: 52 daAuts
